 Dungeon Crawl Stone Soup version 0.17-a0-1508-ge7f3dc3 (webtiles) character file.

69381 patman the Warrior (level 15, -2/105 HPs)
             Began as a Gargoyle Berserker on July 10, 2015.
             Was the Champion of Trog.
             Slain by a freezing wraith (12 damage)
             ... on level 4 of the Swamp.
             The game lasted 01:11:47 (14445 turns).

patman the Warrior (Gargoyle Berserker)            Turns: 14445, Time: 01:11:49

Health: -2/105     AC: 36    Str: 22    XL:     15   Next: 29%
Magic:  24/24      EV: 11    Int: 11    God:    Trog [******]
Gold:   1130       SH:  0    Dex: 14    Spells: 0 memorised, 14 levels left

rFire  + + .     SeeInvis .     a - +2 demon whip (freeze)
rCold  . . .     Clarity  .     e - +1 plate armour {rF+}
rNeg   + . .     SustAt   .     (no shield)
rPois  ∞         Gourm    .     k - +2 hat
rElec  +         Spirit   .     N - +0 cloak {+Inv}
rCorr  .         Warding  .     (no gloves)
rMut   .         Stasis   .     C - +2 pair of boots {Stlth+}
MR     +....                    (no amulet)
Stlth  ..........               T - ring of Xituil {rElec Str+5 Int+3}
                                q - ring of Woistrugg {rF+ MP+9 Str-5 Stlth-}

@: about to teleport, flying, somewhat resistant to hostile enchantments,
extremely unstealthy
A: big wings, negative energy resistance 1, electricity resistance, unbreathing,
petrification resistance, rot immunity, AC +11
a: Stop Flying, Burn Spellbooks, Berserk, Trog's Hand, Brothers in Arms,
Renounce Religion, Evoke Invisibility


You were on level 4 of the Swamp.
You worshipped Trog.
Trog was exalted by your worship.
You were not hungry.

You visited 4 branches of the dungeon, and saw 28 of its levels.
You also visited: Labyrinth, Sewer and Volcano.

You collected 1955 gold pieces.
You spent 825 gold pieces at shops.

Inventory:

Hand weapons
 a - a +2 demon whip of freezing (weapon)
 b - a +1 antimagic dire flail
 n - the +4 whip of Itsygheq {freeze, +Rage rF+ rC++ Str-4}
   (You found it on level 8 of the Lair of Beasts)

   It has been specially enchanted to freeze those struck by it, causing extra
   injury to most foes and up to half again as much damage against particularly
   susceptible opponents.
   It can also slow down cold-blooded creatures.
   It affects your strength (-4).
   It protects you from fire.
   It greatly protects you from cold.
   It lets you go berserk.
 t - a +2 great mace of flaming
Missiles
 l - 2 javelins of penetration
 o - 19 stones (quivered)
 p - 22 curare-tipped needles
Armour
 e - a +1 plate armour of fire resistance (worn)
 k - a +2 hat (worn)
 C - a +2 pair of boots of stealth (worn)
 N - a +0 cloak of invisibility (worn)
Jewellery
 q - the ring of Woistrugg (left hand) {rF+ MP+9 Str-5 Stlth-}
   (You found it on level 4 of the Dungeon)

   [ring of loudness]

   It affects your strength (-5).
   It protects you from fire.
   It affects your magic capacity (+9).
   It makes you less stealthy.
 T - the ring of Xituil (right hand) {rElec Str+5 Int+3}
   (You found it on level 3 of the Swamp)

   [ring of intelligence]

   It affects your strength (+5).
   It affects your intelligence (+3).
   It insulates you from electricity.
Magical devices
 m - a wand of polymorph (3)
 s - a wand of teleportation (1)
 H - a wand of draining (10)
 M - a wand of polymorph (9)
 O - a wand of fireball (4)
 S - a wand of confusion (20)
Scrolls
 g - 3 scrolls of remove curse
 h - 2 scrolls of noise
 j - 4 scrolls of blinking
 r - 2 scrolls of recharging
 w - 3 scrolls of teleportation
 y - 2 scrolls of fear
 B - a scroll of enchant weapon
 G - a scroll of magic mapping
 L - 3 scrolls of vulnerability
 Q - a scroll of summoning
 R - a scroll of fog
Potions
 d - 3 potions of agility
 f - 2 potions of ambrosia
 i - 5 potions of curing
 v - a potion of flight
 x - a potion of haste
 z - a potion of magic
 A - 3 potions of might
 F - a potion of lignification {unknown}
 P - 2 potions of heal wounds
 U - a potion of cancellation {unknown}
Books
 I - a book of Geomancy

   Spells                             Type                      Level
   a - Sandblast                      Earth                        1
   b - Stoneskin                      Transmutation/Earth          2
   c - Passwall                       Transmutation/Earth          3
   d - Stone Arrow                    Conjuration/Earth            3
   e - Petrify                        Transmutation/Earth          4
   f - Lee's Rapid Deconstruction     Earth                        5
   Trog disapproves of the use of such an item.
 J - a book of Annihilations

   Spells                             Type                      Level
   a - Poison Arrow                   Conjuration/Poison           6
   b - Chain Lightning                Conjuration/Air              8
   c - Lehudib's Crystal Spear        Conjuration/Earth            8
   d - Glaciate                       Conjuration/Ice              9
   e - Fire Storm                     Conjuration/Fire             9
   Trog disapproves of the use of such an item.
 K - a book of the Warp

   Spells                             Type                      Level
   a - Recall                         Summoning/Translocation      3
   b - Gell's Gravitas                Hexes/Translocation          3
   c - Force Lance                    Conjuration/Translocation    4
   d - Phase Shift                    Translocation                5
   e - Warp Weapon                    Charms/Translocation         5
   f - Summon Forest                  Summoning/Translocation      5
   Trog disapproves of the use of such an item.
Comestibles
 c - 13 bread rations
 u - 3 meat rations
 D - 5 fruits


   Skills:
 * Level 16.6 Fighting
 - Level 12.3 Maces & Flails
 - Level 16.0 Armour
 * Level 8.5 Dodging


You had 14 spell levels left.
You didn't know any spells.

Dungeon Overview and Level Annotations

Branches:
Dungeon (12/15)            Temple (0/1) D:7            Lair (8/8) D:9
  Swamp (4/4) Lair:3        Snake (0/4) Lair:4        Slime (0/6) Lair:6
    Orc (4/4) D:12            Elf (0/3) Orc:3

Altars:
Elyvilon
Fedhas
Gozag
Kikubaaqudgha
Nemelex Xobeh
Okawaru
Trog
Xom
Beogh
Jiyva

Shops:
D:4 [   Orc:1 :   Orc:2 }   Orc:4 %%*(

Annotations:
D:7 Prince Ribbit
Lair:6 1 runed door


Innate Abilities, Weirdness & Mutations

You are resistant to torment.
Your stone body is resilient (AC +11).
You are immune to poison.
Your large and strong wings let you fly indefinitely.
You resist negative energy.
You are resistant to electric shocks.
You can survive without breathing.
You are immune to petrification.
You are immune to rotting.


Message History

The spriggan rider hits you but does no damage.
The spriggan rider hits you but does no damage.
The spriggan rider hits you but does no damage.
The spriggan rider hits you but does no damage.
The spriggan rider hits you but does no damage.
An azure jelly comes into view.
The azure jelly moves out of view.
The spriggan rider barely misses you.
The spriggan rider hits you but does no damage.
The spriggan rider hits you but does no damage.
The spriggan rider hits you from afar with a spear!
* * * LOW HITPOINT WARNING * * *
Read which item? (? for menu, Esc to quit)
As you read the scroll of teleportation, it crumbles to dust.
You feel strangely unstable.
The spriggan rider hits you from afar with a spear.
* * * LOW HITPOINT WARNING * * *
The freezing wraith hits you.
* * * LOW HITPOINT WARNING * * *
The freezing wraith freezes you!
You die...

.♣♣ ♣≈[.....♣≈.............♣....
≈≈♣♣ ♣♣....≈≈.≈≈§.≈≈≈....♣♣♣≈≈≈≈%
≈≈≈♣ ♣....≈≈≈≈≈≈≈≈≈≈≈≈≈.♣♣♣≈≈≈≈≈
.≈♣ ♣≈.≈≈...≈≈≈≈≈≈..≈≈≈.♣♣♣≈≈≈≈
≈♣♣♣♣♣♣.≈♣♣≈♣♣≈≈≈≈≈≈.≈...≈♣ ♣♣♣♣♣
.♣♣≈/≈≈≈.≈.≈♣.≈.≈≈≈≈.≈§♣♣♣♣♣♣
.♣≈..≈≈≈..≈≈.....§≈≈≈♣♣♣♣♣.≈♣♣♣
.≈≈..≈≈.♣.≈≈≈≈≈...≈♣♣≈...≈.≈≈≈♣ ♣
.≈.....≈♣≈.≈≈WJW@.≈§.≈≈≈≈(≈≈..♣♣♣
...≈≈≈≈..≈≈≈≈≈i.♣≈≈≈≈≈≈≈≈≈≈≈.♣≈≈.
≈♣.≈≈...§W≈≈≈≈.♣♣.≈≈≈≈≈≈≈§...♣♣.≈
≈.♣♣♣♣♣♣..≈≈≈.♣♣♣♣♣♣≈≈≈≈≈≈≈≈.♣≈.≈
≈.≈♣♣♣♣♣♣♣.≈.♣♣ ♣♣♣♣♣♣♣.≈.≈≈.≈
≈...♣.♣♣♣..♣♣♣ ♣♣♣♣♣..≈
≈≈≈....♣♣.♣♣ ♣♣≈.. ≈≈≈≈...♣♣♣
♣≈♣♣. ≈≈≈≈...♣≈♣ ♣♣♣ ♣♣♣♣≈


You could see an azure jelly, a spriggan rider and 3 freezing wraiths.

Vanquished Creatures
  Maud (Lair:6)
  Nessos (Orc:4)
  Snorg (Lair:6)
  Josephine (Lair:8)
  A minotaur (Lab)
  9 hydras
  6 alligators
  2 ghost crabs
  A catoblepas (Lair:6)
  The ghost of patman the Carver, a powerful HaBe of Trog (Lair:3)
  4 death yaks (Lair:6)
  2 orc high priests (Orc:4)
  Pikel (D:4)
  6 orc knights
  A hornet (Swamp:4)
  An ugly thing (D:11)
  2 griffons
  2 orc sorcerers (Orc:4)
  4 elephants (Lair:8)
  Joseph (D:9)
  9 black mambas
  5 komodo dragons
  4 fire drakes
  13 spiny frogs
  The ghost of patman the Basher, an experienced GrBe of Trog (D:6)
  A freezing wraith (Swamp:4)
  3 spriggan druids
  A queen bee (Orc:3)
  A minotaur zombie (Lab)
  21 blink frogs
  4 polar bears
  3 slime creatures (Swamp:4)
  3 giant leeches
  4 two-headed ogres
  A bog body (Swamp:4)
  14 spriggans (Lair:8)
  5 redbacks (Lair:8)
  A trapdoor spider (Lab)
  5 wraiths (Lair:8)
  A deep elf fighter (D:9)
  5 yaks
  3 wyverns
  A basilisk (Lair:8)
  11 vampire mosquitoes
  Menkaure (D:7)
  8 insubstantial wisps
  7 hippogriffs
  A swamp worm simulacrum (Swamp:4)
  5 swamp worms
  4 wargs
  26 wolves
  2 swamp drakes
  13 water moccasins
  2 ice beasts (D:8)
  6 ogres
  3 slaves (D:4)
  4 black bears
  22 orc warriors
  A phantom (D:3)
  10 porcupines
  5 wasps
  A sky beast (D:8)
  12 crocodiles
  2 centaurs
  6 giant frogs
  A scorpion (D:8)
  A killer bee (D:8)
  A spriggan skeleton (Lab)
  3 crimson imps
  A giant frog zombie (D:9)
  A jelly (D:11)
  8 wights
  A centaur skeleton (Lab)
  27 orc priests
  A centaur zombie (D:8)
  3 hounds
  A giant frog skeleton (D:11)
  19 orc wizards
  5 worker ants
  11 iguanas
  10 sheep
  2 ogre skeletons (Lab)
  A hound skeleton (D:4)
  12 adders
  23 river rats
  A gnoll (D:4)
  A shadow imp (D:10)
  2 swamp drake simulacra (Swamp:4)
  2 worms
  A giant gecko (D:8)
  139 orcs
  2 bat zombies
  4 giant cockroaches
  7 hobgoblins
  3 quokkas
  3 ball pythons
  12 bats
  5 giant newts (Sewer)
  6 goblins
  16 jackals
  4 kobolds
  22 rats
  A fungus (Lair:8)
  2 plants
674 creatures vanquished.

Vanquished Creatures (collateral kills)
  Erolcha (Volcano)
  An orc high priest (Orc:4)
  An orc sorcerer (Orc:4)
  A spiny frog (Swamp:4)
  3 two-headed ogres (Volcano)
  A yak (Lair:6)
  3 wolves (Lair:3)
  An orc warrior (Orc:4)
  An ogre (Volcano)
  An orc wizard (Orc:4)
14 creatures vanquished.

Vanquished Creatures (others)
  A shambling mangrove (Swamp:4)
  2 wasps (Swamp:4)
  2 gnolls (D:4)
  15 fungi
  10 plants
30 creatures vanquished.

Grand Total: 718 creatures vanquished

Notes
Turn   | Place    | Note
--------------------------------------------------------------
     0 | D:1      | patman the Gargoyle Berserker began the quest for the Orb.
     0 | D:1      | Reached XP level 1. HP: 14/14 MP: 1/1
   106 | D:3      | Found a white marble altar of Elyvilon.
   143 | D:3      | Reached XP level 2. HP: 16/19 MP: 2/2
   168 | D:3      | Reached skill level 4 in Maces & Flails
   168 | D:3      | Reached XP level 3. HP: 9/23 MP: 3/3
   449 | D:4      | Noticed a phantom
   476 | D:3      | HP: 1/34 [phantom (4)]
   477 | D:3      | Killed a phantom
   477 | D:3      | Reached skill level 5 in Maces & Flails
   477 | D:3      | Reached XP level 4. HP: 1/28 MP: 4/4
   477 | D:3      | Reached XP level 5. HP: 1/32 MP: 5/5
   795 | D:4      | Acquired Trog's second power
   805 | D:4      | Noticed a slave
   806 | D:4      | Noticed a slave
   807 | D:4      | Noticed a slave
   825 | D:4      | Killed a slave
   833 | D:4      | Killed a slave
   881 | D:4      | Noticed Pikel
   882 | D:4      | Noticed a slave
   898 | D:4      | Reached skill level 6 in Maces & Flails
   905 | D:4      | Killed a slave
   915 | D:4      | Killed Pikel
   915 | D:4      | Reached skill level 8 in Maces & Flails
   915 | D:4      | Reached XP level 6. HP: 22/37 MP: 6/6
   915 | D:4      | Reached XP level 7. HP: 24/41 MP: 7/7
  1000 | D:4      | Found Dayppiess's Armour Shop.
  1046 | D:4      | Found an opulent altar of Gozag.
  1053 | D:4      | Got a scorched copper ring
  1069 | D:4      | Identified the ring of Woistrugg {rF+ MP+9 Str-5 Stlth-} (You found it on level 4 of the Dungeon)
  1096 | D:4      | Noticed an ogre
  1104 | D:4      | Killed an ogre
  1104 | D:4      | Reached skill level 9 in Maces & Flails
  1188 | D:4      | Found a shimmering altar of Xom.
  1188 | D:4      | Found a sparkling altar of Nemelex Xobeh.
  1280 | D:4      | Noticed an ogre
  1293 | D:4      | Killed an ogre
  1293 | D:4      | Reached XP level 8. HP: 46/46 MP: 8/8
  1324 | D:5      | Entered Level 5 of the Dungeon
  1404 | D:6      | Found an iron altar of Okawaru.
  1519 | D:6      | Reached skill level 10 in Maces & Flails
  1721 | D:6      | Found a blossoming altar of Fedhas.
  1865 | D:6      | Reached skill level 11 in Maces & Flails
  1870 | D:6      | Noticed patman's ghost (experienced GrBe)
  1873 | D:6      | Found a glowing drain.
  1880 | D:6      | Killed patman's ghost
  1880 | D:6      | Reached XP level 9. HP: 51/51 MP: 9/9
  1932 | Sewer    | Entered a sewer
  2320 | D:7      | Noticed Menkaure
  2331 | D:7      | Killed Menkaure
  2348 | D:7      | Noticed Prince Ribbit
  2402 | D:7      | Reached skill level 12 in Maces & Flails
  2431 | D:7      | Found a staircase to the Ecumenical Temple.
  3152 | D:9      | Acquired Trog's third power
  3301 | D:9      | Noticed Joseph
  3323 | D:9      | Killed Joseph
  3323 | D:9      | Reached skill level 5 in Fighting
  3331 | D:9      | Found a staircase to the Lair.
  3347 | D:9      | Reached skill level 5 in Armour
  3347 | D:9      | Reached XP level 10. HP: 34/60 MP: 10/10
  3393 | D:8      | Found an ancient bone altar of Kikubaaqudgha.
  3669 | D:4      | Bought a +2 pair of boots of stealth for 236 gold pieces
  3889 | Lair:1   | Entered Level 1 of the Lair of Beasts
  3898 | Lair:1   | Received a gift from Trog
  4480 | Lair:3   | Reached XP level 11. HP: 39/71 MP: 11/11
  4709 | Lair:3   | Noticed patman's ghost (powerful HaBe)
  4791 | Lair:3   | Found a labyrinth entrance.
  4791 | Lair:3   | Noticed a six-headed hydra
  4821 | Lab      | Entered a labyrinth
  4964 | Lab      | Noticed a minotaur
  4969 | Lab      | Killed a minotaur
  4969 | Lab      | Reached skill level 10 in Fighting
  5044 | Lab      | Got a heavily runed ring mail
  5055 | Lab      | Identified the cursed +1 ring mail of Koubres {rF+ Str+4 Int+2 Slay-5} (You found it in a labyrinth)
  5100 | Lair:3   | Killed a six-headed hydra
  5100 | Lair:3   | Reached skill level 10 in Armour
  5358 | Lair:3   | Found a staircase to the Swamp.
  5377 | Lair:3   | Killed patman's ghost
  5605 | Lair:4   | Found a staircase to the Snake Pit.
  5657 | Lair:4   | Reached XP level 12. HP: 61/80 MP: 12/12
  5903 | Lair:5   | Found a dark tunnel.
  5910 | Volcano  | Entered a volcano
  5929 | Volcano  | Noticed Erolcha
  5936 | Volcano  | Killed Erolcha
  6267 | Lair:6   | Reached skill level 13 in Fighting
  6327 | Lair:6   | Noticed a catoblepas
  6337 | Lair:6   | Noticed Snorg
  6354 | Lair:6   | Killed a catoblepas
  6368 | Lair:6   | Killed Snorg
  6375 | Lair:6   | Received a gift from Trog
  6403 | Lair:6   | Noticed Maud
  6589 | Lair:6   | Killed Maud
  6618 | Lair:6   | Noticed a death yak
  6618 | Lair:6   | Noticed a death yak
  6618 | Lair:6   | Noticed a death yak
  6620 | Lair:6   | Noticed a death yak
  6633 | Lair:6   | Killed a death yak
  6633 | Lair:6   | Reached XP level 13. HP: 67/89 MP: 13/13
  6638 | Lair:6   | Killed a death yak
  6644 | Lair:6   | Killed a death yak
  6651 | Lair:6   | Killed a death yak
  6651 | Lair:6   | Reached skill level 14 in Fighting
  7044 | Lair:8   | Entered Level 8 of the Lair of Beasts
  7143 | Lair:8   | Got a faintly glowing whip
  7147 | Lair:8   | Identified the +4 whip of Itsygheq {freeze, +Rage rF+ rC++ Str-4} (You found it on level 8 of the Lair of Beasts)
  7463 | Lair:8   | Received a gift from Trog
  7702 | Lair:8   | Reached skill level 15 in Fighting
  7864 | Lair:8   | Reached skill level 15 in Armour
  8184 | Lair:8   | Received a gift from Trog
  8184 | Lair:8   | Gained mutation: Your large and strong wings let you fly indefinitely. [Gargoyle growth]
  8184 | Lair:8   | Reached XP level 14. HP: 90/98 MP: 14/14
  8244 | Lair:8   | Noticed Josephine
  8267 | Lair:8   | Killed Josephine
  9264 | Lair:6   | Found a runed door.
  9265 | Lair:6   | Found a viscous altar of Jiyva.
  9266 | Lair:6   | Found a staircase to the Slime Pits.
  9314 | Lair:6   | Reached skill level 5 in Dodging
  9532 | D:10     | Entered Level 10 of the Dungeon
  9750 | D:12     | Found a staircase to the Orcish Mines.
  9764 | Orc:1    | Entered Level 1 of the Orcish Mines
  9869 | Orc:1    | Found Pakhlath's Book Emporium.
  9912 | Orc:1    | Received a gift from Trog
 10163 | Orc:2    | Found Hyekh's Gadget Emporium.
 10572 | Orc:3    | Found a staircase to the Elven Halls.
 10683 | Orc:4    | Entered Level 4 of the Orcish Mines
 11114 | Orc:4    | Found a bloodstained altar of Trog.
 11123 | Orc:4    | Found a roughly hewn altar of Beogh.
 11146 | Orc:4    | Noticed Nessos
 11175 | Orc:4    | Killed Nessos
 11175 | Orc:4    | Reached skill level 16 in Armour
 11420 | Orc:3    | Noticed Sonja
 11424 | Orc:3    | Noticed Sonja
 11424 | Orc:3    | Sonja changed into Sonja the queen bee
 11439 | Orc:3    | Killed Sonja the queen bee
 11452 | Orc:3    | Received a gift from Trog
 12332 | Orc:4    | Found Zotirchuer's General Store.
 12332 | Orc:4    | Found Zyzaf's Weapon Shoppe.
 12334 | Orc:4    | Found Tyliz's Food Shoppe.
 12334 | Orc:4    | Found Nashramych's Food Shop.
 12345 | Orc:4    | Bought a scroll of blinking for 97 gold pieces
 12345 | Orc:4    | Bought a scroll of recharging for 123 gold pieces
 12345 | Orc:4    | Bought a scroll of teleportation for 39 gold pieces
 12348 | Orc:4    | Bought a bread ration for 60 gold pieces
 12348 | Orc:4    | Bought a bread ration for 60 gold pieces
 12349 | Orc:4    | Bought a bread ration for 70 gold pieces
 12349 | Orc:4    | Bought a bread ration for 70 gold pieces
 12349 | Orc:4    | Bought a bread ration for 70 gold pieces
 12432 | Orc:3    | Received a gift from Trog
 13184 | Lair:2   | Noticed a six-headed hydra
 13194 | Lair:2   | Killed a six-headed hydra
 13215 | Swamp:1  | Entered Level 1 of the Swamp
 13684 | Swamp:3  | Reached XP level 15. HP: 83/104 MP: 15/15
 13753 | Swamp:3  | Got a faintly glowing turquoise ring
 13754 | Swamp:3  | Identified the ring of Xituil {rElec Str+5 Int+3} (You found it on level 3 of the Swamp)
 13869 | Swamp:4  | Entered Level 4 of the Swamp
 14436 | Swamp:4  | Noticed an azure jelly
 14445 | Swamp:4  | Slain by a freezing wraith

Vault maps used:
D:1:      ncdulo_halloftheorcs
D:2:      gammafunk_temple_overflow_pools
D:3:      elyvilon_altar_4, makhleb_grotto_becter
D:4:      gammafunk_temple_overflow_wave, nicolae_overflow_hidden_temple,
          serial_shops, shop, enter_ossuary_2, first_bread, uniq_pikel
D:5:      lemuel_round_altar, tgw_trog
D:6:      okawaru_ov_weapons_minmay, old_standard_altar, gup_sewer_entry_glass,
          lightli_orcish_oven
D:7:      lemuel_crystal_altar, temple_statues, uniq_menkaure,
          uniq_prince_ribbit1
D:8:      overflow_temple_1_default
D:9:      led_sif_pool, grunt_lair_entry_elf_guard_hut, uniq_joseph
D:10:     hangedman_ranch
D:12:     minmay_orc_entry_temple_small, serial_undead, serial_undead_d,
          serial_undead_d, serial_undead_c, serial_undead_d, special_room,
          statue_in_the_mist_lemuel, minmay_stone_trees_medium
Lair:1:   grunt_megastairs_2
Lair:2:   beast_lair_carwin_9
Lair:3:   swamp_mist_pool, lab_entry_generic, infiniplex_staircase_pool
Lair:4:   minmay_snake_entry_six_corridors, grunt_forest_small_clearing_treed
Lair:5:   enter_volcano_3, beast_lair_carwin_8
Lair:6:   slime_altar_2, nicolae_lair_yak_garden, uniq_snorg, uniq_maud
Lair:8:   minmay_lair_end_enchanted_forest, minivault_26, serial_bayou_shore_b,
          bh_autumn_forest_stairs, uniq_josephine
Swamp:1:  evilmike_swamp_ruin_wall
Swamp:2:  evilmike_swamp_ruin_house_5, uniq_aizul
Swamp:3:  hangedman_swamp_ruin_wall
Swamp:4:  swamp_icy
Orc:1:    serial_shops, nicolae_shop_behind_doors
Orc:2:    serial_shops, shop, uniq_gastronok, uniq_urug
Orc:3:    nicolae_orc_pool_cavern, nicolae_orc_crystal_geode, uniq_sonja
Orc:4:    grunt_orc_tribal_feast, basic_altar, mines1_david, uniq_nessos
Lab:      labyrinth_hidden_loot, nicolae_lab_garden, nicolae_lab_quarters,
          lab_statue, nicolae_lab_statue, labyrinth_fake_exit,
          nicolae_lab_t_cross, nicolae_lab_grate, labyrinth_skeletal_remains,
          nicolae_lab_big_swirl
Sewer:    sewer_co_cracked_pipes
Volcano:  volcano_caves

Action                   |  1- 3 |  4- 6 |  7- 9 | 10-12 | 13-15 || total
-------------------------+-------+-------+-------+-------+-------++-------
Melee: Mace              |    73 |    54 |       |       |       ||   127
       Flail             |       |    23 |    72 |       |       ||    95
       Dire flail        |       |       |   326 |   241 |    58 ||   625
       Demon whip        |       |       |       |   495 |  1839 ||  2334
Throw: Stone             |       |       |     4 |       |       ||     4
Invok: Berserk           |     1 |     2 |     7 |     9 |    12 ||    31
       Trog's Hand       |       |       |     1 |     2 |       ||     3
       Brothers in Arms  |       |       |       |     3 |     3 ||     6
       Burn Spellbooks   |       |       |       |       |     2 ||     2
 Abil: Fly               |       |       |       |       |     1 ||     1
Evoke: Wand              |       |       |     2 |     3 |     4 ||     9
  Use: Scroll            |       |       |     5 |    12 |     9 ||    26
 Stab: Petrified         |       |       |       |     1 |       ||     1
  Eat: Chunk             |       |     2 |    10 |    17 |    23 ||    52
       Royal jelly       |       |       |     1 |       |       ||     1
       Meat ration       |       |       |     1 |     1 |     3 ||     5
       Beef jerky        |       |       |       |     1 |     1 ||     2
       Pizza             |       |       |       |       |     1 ||     1
